Avalanche vs Sabres

Created - Sunday, December 21, 2014 at 01:45

Goals
1 2 3 T
Avalanche 0 0 1 1
Sabres 1 0 2 3
Shots
1 2 3 T
Avalanche 6 5 13 24
Sabres 10 10 16 36

1st period

1. Sabres , David Perron 11 (Sidney Crosby, Alec Martinez) at 7:39

Penalties :
Clayton Stoner (Col) for Hooking (Minor) at 9:26, Will Acton (Buf) for Cross-checking (Minor) at 16:51

2nd period

No Goal

Penalties :
Lars Eller (Col) for Tripping (Minor) at 8:03

3rd period

2. Sabres , David Perron 12 (Sidney Crosby) at 6:30 (PP)
3. Avalanche , Troy Brouwer 9 (Claude Giroux) at 10:29
4. Sabres , Steven Stamkos 24 (Henrik Zetterberg, Alec Martinez) at 19:50 (PP) (Empty Net)

Penalties :
Clayton Stoner (Col) for High sticking (Minor) at 1:06, Claude Giroux (Col) for Interference (Minor) at 6:13, Tyler Kennedy (Col) for Hooking (Minor) at 9:41, Sidney Crosby (Buf) for Goalie Interference (Minor) at 9:47, Steven Stamkos (Buf) for Roughing (Minor) at 15:45, Blake Wheeler (Buf) for Holding (Minor) at 17:49, Lars Eller (Col) for Tripping (Minor) at 18:59

Goalie Stats

Semyon Varlamov (Col), 33 saves from 35 shots - (0.943), L, 13-11-3, 59:28 minutes
Josh Harding (Buf), 23 saves from 24 shots - (0.958), W, 12-6-2, 60:00 minutes

Players Stats for Avalanche

Player Name              G  A  P  +/- PIM S  H  SB GA TA FO     MP     PP MP  PK MP  
------------------------------------------------------------------------------------
Benoit Pouliot           0  0  0   0  0   2  3  0  5  0  1/3    15:22   0:42   1:17 
Brad Stuart              0  0  0   0  0   3  3  1  0  4  0/0    19:48   2:07   2:27 
Braydon Coburn           0  0  0   1  0   1  2  0  0  2  0/0    23:34   3:07   3:55 
Claude Giroux            0  1  1   0  2   3  1  0  3  0  6/16   22:46   2:46   0:02 
Clayton Stoner           0  0  0   0  4   1  2  0  0  2  0/0    16:01   0:06   0:43 
Daniel Briere            0  0  0   0  0   1  0  0  2  0  4/10   14:02   2:28   0:00 
Joffrey Lupul            0  0  0   0  0   3  0  0  3  0  0/0    16:32   2:11   0:00 
Lars Eller               0  0  0   0  4   3  1  0  2  0  7/13   19:13   1:45   3:01 
Mike Ribeiro             0  0  0  -1  0   1  1  0  0  0  0/0    15:10   3:00   0:00 
Morgan Rielly            0  0  0  -1  0   2  0  0  0  2  0/0    18:26   2:01   1:44 
Rene Bourque             0  0  0   0  0   1  3  0  1  1  0/0    14:49   0:00   1:49 
Rostislav Klesla         0  0  0  -1  0   0  0  1  0  1  0/0    13:22   0:00   0:00 
Ryan McDonagh            0  0  0   1  0   1  0  6  0  4  0/0    26:50   3:07   3:55 
T.J. Hensick             0  0  0   0  0   0  2  0  0  0  2/6     7:47   0:00   0:55 
Taylor Fedun             0  0  0   0  0   0  0  0  0  0  0/0     3:16   0:00   0:00 
Trevor Lewis             0  0  0   0  0   0  0  1  0  0  5/11   18:37   0:00   4:43 
Troy Brouwer             1  0  1   0  0   2  2  0  1  1  0/0    18:21   2:46   0:57 
Tyler Kennedy            0  0  0   0  2   0  0  0  0  0  0/0     6:54   0:03   0:00 

Players Stats for Sabres

Player Name              G  A  P  +/- PIM S  H  SB GA TA FO     MP     PP MP  PK MP  
------------------------------------------------------------------------------------
Alec Martinez            0  2  2   0  0   1  2  0  0  2  0/0    17:24   3:03   0:06 
Alex Pietrangelo         0  0  0  -1  0   3  0  3  0  1  0/0    26:04   3:19   3:37 
Blake Wheeler            0  0  0   1  2   3  2  1  4  0  0/0    16:27   2:33   0:06 
Brooks Orpik             0  0  0   0  0   3  1  2  0  3  0/0    23:38   3:03   3:43 
Chris Higgins            0  0  0   0  0   4  1  1  3  1  0/1    10:33   0:00   0:00 
Dany Heatley             0  0  0   0  0   3  0  0  1  0  0/0     9:41   0:00   0:00 
David Perron             2  0  2   1  0   4  0  1  1  1  0/1    16:29   3:49   0:00 
Dwight King              0  0  0   0  0   0  0  0  1  0  0/0    10:33   0:00   0:00 
Gustav Nyquist           0  0  0   0  0   0  1  0  1  0  0/0    14:53   2:31   0:00 
Henrik Zetterberg        0  1  1  -1  0   2  0  0  5  0  2/3    19:53   2:33   2:52 
Jay Bouwmeester          0  0  0   0  0   0  1  5  0  0  0/0    24:22   3:19   1:31 
Marc-Andre Cliche        0  0  0   0  0   1  0  0  0  0  0/0    12:24   0:00   2:41 
Matt Bartkowski          0  0  0   0  0   0  2  0  0  0  0/0    12:00   0:00   0:00 
Matt Stajan              0  0  0   0  0   3  3  1  1  0  6/10   13:50   0:00   3:13 
Sidney Crosby            0  2  2   1  2   3  3  0  7  0  11/14  17:00   3:48   0:10 
Stephane Robidas         0  0  0   1  0   0  1  0  0  3  0/0    16:32   0:00   1:31 
Steven Stamkos           1  0  1  -1  2   5  3  0  1  0  11/20  19:09   3:51   0:00 
Will Acton               0  0  0   0  2   1  2  0  0  0  4/10   11:08   0:00   1:26 

3 Stars

1 - David Perron (Buf)
2 - Josh Harding (Buf)
3 - Semyon Varlamov (Col)

Power Play

Avalanche - 0 on 4 Attempt(s) - 0.00%
Sabres - 2 on 6 Attempt(s) - 33.33%

Penalty Kill

Avalanche - 4 on 6 Attempt(s) - 66.67% - Score 0 goal in Penalty Kill
Sabres - 4 on 4 Attempt(s) - 100.00% - Score 0 goal in Penalty Kill

Official

Referees : Unknown
Linesman : Unknown

Game Notes

Steven Stamkos has scored in a empty net!

Finance

Level 1 -- Attendance: 5461 (91.02%) -- Ticket Income $431,419
Level 2 -- Attendance: 5000 (100.00%) -- Ticket Income $235,000
Level 3 -- Attendance: 1858 (92.90%) -- Ticket Income $55,740
Level 4 -- Attendance: 4000 (100.00%) -- Ticket Income $60,000
Luxury Box -- Attendance: 955 (95.50%) -- Ticket Income $171,900
Game was played at the HSBC Arena
Total Attendance: 17274 (95.97%)
Total Ticket Income: $954,059
Other Income: $467,489
Total Income: $1,421,548

Avalanche

5 vs 5 Forward 
   Center                   Left Wing                Right Wing               Time % Phy DF OF 
 1 Claude Giroux            Mike Ribeiro             Troy Brouwer             35     1   2  2  
 2 Lars Eller               Joffrey Lupul            Trevor Lewis             30     1   2  2  
 3 Daniel Briere            Benoit Pouliot           Rene Bourque             22     1   2  2  
 4 T.J. Hensick             Tyler Kennedy            Claude Giroux            13     1   2  2  

5 vs 5 Defense 
   Defense                  Defense                                           Time % Phy DF OF 
 1 Ryan McDonagh            Braydon Coburn                                    35     1   2  2  
 2 Brad Stuart              Clayton Stoner                                    30     1   2  2  
 3 Rostislav Klesla         Morgan Rielly                                     22     1   2  2  
 4 Taylor Fedun             Ryan McDonagh                                     13     1   2  2  

PowerPlay Forward 
   Center                   Left Wing                Right Wing               Time % Phy DF OF 
 1 Claude Giroux            Mike Ribeiro             Troy Brouwer             60     1   2  2  
 2 Lars Eller               Joffrey Lupul            Daniel Briere            40     1   2  2  

PowerPlay Defense
   Defense                  Defense                                           Time % Phy DF OF 
 1 Ryan McDonagh            Braydon Coburn                                    60     1   2  2  
 2 Brad Stuart              Morgan Rielly                                     40     1   2  2  

Penalty Kill 4 Players Forward 
   Center                   Wing                     Time % Phy DF OF 
 1 Trevor Lewis             Lars Eller               60     1   3  1  
 2 T.J. Hensick             Troy Brouwer             40     1   3  1  

Penalty Kill 4 Players Defense
   Defense                  Defense                  Time % Phy DF OF 
 1 Ryan McDonagh            Braydon Coburn           60     1   2  2  
 2 Brad Stuart              Clayton Stoner           40     1   2  2  

Penalty Kill - 3 Players Forward 
   Forward                                           Time % Phy DF OF 
 1 Trevor Lewis                                      60     1   2  2  
 2 T.J. Hensick                                      40     1   2  2  

Penalty Kill - 3 Players Defense
   Defense                  Defense                  Time % Phy DF OF 
 1 Ryan McDonagh            Braydon Coburn           60     1   2  2  
 2 Brad Stuart              Clayton Stoner           40     1   2  2  

4 vs 4 Forward 
   Center                   Wing                     Time % Phy DF OF 
 1 Claude Giroux            Troy Brouwer             60     1   2  2  
 2 Mike Ribeiro             Joffrey Lupul            40     1   2  2  

4 vs 4 Defense
   Defense                  Defense                  Time % Phy DF OF 
 1 Ryan McDonagh            Braydon Coburn           60     1   2  2  
 2 Brad Stuart              Clayton Stoner           40     1   2  2  

Last Minutes Offensive
   Center                   Left Wing                Right Wing               Defense                  Defense                  
   Claude Giroux            Mike Ribeiro             Troy Brouwer             Ryan McDonagh            Braydon Coburn           

Last Minutes Defensive
   Center                   Left Wing                Right Wing               Defense                  Defense                  
   Claude Giroux            Mike Ribeiro             Troy Brouwer             Ryan McDonagh            Braydon Coburn           

Goaltenders
Starting : Semyon Varlamov          
Backup : Jack Campbell            

Extra Forwards
Normal : Benoit Pouliot, Daniel Briere, Rene Bourque - PP : Benoit Pouliot, Daniel Briere - PK : Rene Bourque
Extra Defensemen
Normal : Rostislav Klesla, Morgan Rielly, Taylor Fedun - PP : Rostislav Klesla - PK : Morgan Rielly, Taylor Fedun
Penalty Shots
Claude Giroux, Troy Brouwer, Mike Ribeiro, Joffrey Lupul, Lars Eller

Sabres

5 vs 5 Forward 
   Center                   Left Wing                Right Wing               Time % Phy DF OF 
 1 Sidney Crosby            David Perron             Blake Wheeler            40     0   1  4  
 2 Steven Stamkos           Henrik Zetterberg        Gustav Nyquist           37     0   1  4  
 3 Matt Stajan              Dwight King              Chris Higgins            13     1   2  2  
 4 Will Acton               Dany Heatley             Marc-Andre Cliche        10     2   2  1  

5 vs 5 Defense 
   Defense                  Defense                                           Time % Phy DF OF 
 1 Brooks Orpik             Alex Pietrangelo                                  37     1   3  1  
 2 Jay Bouwmeester          Stephane Robidas                                  36     1   2  2  
 3 Alec Martinez            Matt Bartkowski                                   17     1   4  0  
 4 Jay Bouwmeester          Alex Pietrangelo                                  10     1   1  3  

PowerPlay Forward 
   Center                   Left Wing                Right Wing               Time % Phy DF OF 
 1 Sidney Crosby            David Perron             Steven Stamkos           55     0   0  5  
 2 Henrik Zetterberg        Gustav Nyquist           Blake Wheeler            45     0   0  5  

PowerPlay Defense
   Defense                  Defense                                           Time % Phy DF OF 
 1 Jay Bouwmeester          Alex Pietrangelo                                  55     0   2  3  
 2 Alec Martinez            Brooks Orpik                                      45     0   2  3  

Penalty Kill 4 Players Forward 
   Center                   Wing                     Time % Phy DF OF 
 1 Matt Stajan              Marc-Andre Cliche        50     1   4  0  
 2 Will Acton               Henrik Zetterberg        50     2   3  0  

Penalty Kill 4 Players Defense
   Defense                  Defense                  Time % Phy DF OF 
 1 Brooks Orpik             Alex Pietrangelo         50     1   4  0  
 2 Stephane Robidas         Jay Bouwmeester          50     1   4  0  

Penalty Kill - 3 Players Forward 
   Forward                                           Time % Phy DF OF 
 1 Matt Stajan                                       50     1   2  2  
 2 Will Acton                                        50     1   2  2  

Penalty Kill - 3 Players Defense
   Defense                  Defense                  Time % Phy DF OF 
 1 Brooks Orpik             Alex Pietrangelo         50     1   4  0  
 2 Stephane Robidas         Jay Bouwmeester          50     1   4  0  

4 vs 4 Forward 
   Center                   Wing                     Time % Phy DF OF 
 1 Sidney Crosby            Blake Wheeler            50     0   1  4  
 2 Steven Stamkos           Henrik Zetterberg        50     1   1  3  

4 vs 4 Defense
   Defense                  Defense                  Time % Phy DF OF 
 1 Jay Bouwmeester          Alex Pietrangelo         50     1   2  2  
 2 Alec Martinez            Brooks Orpik             50     1   2  2  

Last Minutes Offensive
   Center                   Left Wing                Right Wing               Defense                  Defense                  
   Sidney Crosby            Henrik Zetterberg        Steven Stamkos           Jay Bouwmeester          Alex Pietrangelo         

Last Minutes Defensive
   Center                   Left Wing                Right Wing               Defense                  Defense                  
   Henrik Zetterberg        Dwight King              Chris Higgins            Brooks Orpik             Alex Pietrangelo         

Goaltenders
Starting : Josh Harding             
Backup : Evgeni Nabokov           

Extra Forwards
Normal : Steven Stamkos, Henrik Zetterberg, Gustav Nyquist - PP : David Perron, Steven Stamkos - PK : Marc-Andre Cliche
Extra Defensemen
Normal : Alex Pietrangelo, Stephane Robidas, Brooks Orpik - PP : Stephane Robidas - PK : Stephane Robidas, Brooks Orpik
Penalty Shots
Steven Stamkos, Sidney Crosby, Blake Wheeler, David Perron, Henrik Zetterberg

% Time on Ice - Avalanche

Lines # - Real PCT - Wanted PCT - Time Play
Normal Forward
1 - 29% - 35% - 13:22
2 - 32% - 30% - 14:35
3 - 24% - 22% - 10:53
4 - 15% - 13% - 6:52
Normal Defense
1 - 31% - 35% - 14:11
2 - 33% - 30% - 14:53
3 - 29% - 22% - 13:22
4 - 7% - 13% - 3:16
PP Forward
1 - 53% - 60% - 2:46
2 - 47% - 40% - 2:28
PP Defense
1 - 60% - 60% - 3:07
2 - 40% - 40% - 2:07
PK Forward
1 - 86% - 60% - 5:27
2 - 14% - 40% - 0:55
PK Defense
1 - 62% - 60% - 3:55
2 - 38% - 40% - 2:27
PK3 Forward
1 - 0% - 60%
2 - 0% - 40%
PK3 Defense
1 - 0% - 60%
2 - 0% - 40%
44 Forward
1 - 100% - 60% - 2:42
2 - 0% - 40% - 0:00
44 Defense
1 - 87% - 60% - 2:21
2 - 13% - 40% - 0:21
Last Minute Offensive  - 0:00
Last Minute Defensive  - 0:00
Total
Forward - 60:00
Defense - 60:00

% Time on Ice - Sabres

Lines # - Real PCT - Wanted PCT - Time Play
Normal Forward
1 - 29% - 40% - 13:04
2 - 27% - 37% - 12:24
3 - 23% - 13% - 10:33
4 - 21% - 10% - 9:41
Normal Defense
1 - 35% - 37% - 15:49
2 - 35% - 36% - 15:54
3 - 26% - 17% - 12:00
4 - 4% - 10% - 1:59
PP Forward
1 - 60% - 55% - 3:49
2 - 40% - 45% - 2:33
PP Defense
1 - 52% - 55% - 3:19
2 - 48% - 45% - 3:03
PK Forward
1 - 47% - 50% - 2:28
2 - 53% - 50% - 2:46
PK Defense
1 - 69% - 50% - 3:37
2 - 31% - 50% - 1:37
PK3 Forward
1 - 0% - 50%
2 - 0% - 50%
PK3 Defense
1 - 0% - 50%
2 - 0% - 50%
44 Forward
1 - 44% - 50% - 1:11
2 - 56% - 50% - 1:31
44 Defense
1 - 49% - 50% - 1:20
2 - 51% - 50% - 1:22
Last Minute Offensive  - 0:00
Last Minute Defensive  - 0:00
Total
Forward - 60:00
Defense - 60:00

Play by Play

1st period


0:01 of 1st period - Sidney Crosby wins face-off versus Claude Giroux in neutral zone.
0:34 of 1st period - Wrist shot by Blake Wheeler.
0:34 of 1st period - Shot Misses the Net.
0:36 of 1st period - Slapshot by Alex Pietrangelo.
0:36 of 1st period - Stopped by Semyon Varlamov without a rebound.
0:37 of 1st period - Lars Eller wins face-off versus Steven Stamkos in Avalanche zone.
1:27 of 1st period - Trevor Lewis is hit by Jay Bouwmeester and loses puck.
1:48 of 1st period - Snap shot by Dwight King.
1:48 of 1st period - Shot Misses the Net.
1:52 of 1st period - Slapshot by Chris Higgins.
1:52 of 1st period - Shot Blocked by Brad Stuart.
2:08 of 1st period - Clayton Stoner is hit by Matt Bartkowski and loses puck.
2:24 of 1st period - Clayton Stoner is hit by Will Acton and loses puck.
2:35 of 1st period - Will Acton is hit by Brad Stuart and loses puck.
2:56 of 1st period - Snap shot by Claude Giroux.
2:56 of 1st period - Shot Misses the Net.
4:12 of 1st period - Slapshot by Benoit Pouliot.
4:12 of 1st period - Deflect By Rene Bourque.
4:12 of 1st period - Stopped by Josh Harding without a rebound.
4:13 of 1st period - Matt Stajan wins face-off versus Daniel Briere in Sabres zone.
4:46 of 1st period - Snap shot by Matt Stajan.
4:46 of 1st period - Shot Misses the Net.
4:48 of 1st period - Backhand shot by Chris Higgins.
4:48 of 1st period - Shot Misses the Net.
4:50 of 1st period - Snap shot by Matt Stajan.
4:50 of 1st period - Deflect By Ryan McDonagh.
4:50 of 1st period - Stopped by Semyon Varlamov with a rebound.
5:08 of 1st period - Rostislav Klesla is hit by Blake Wheeler and loses puck.
5:25 of 1st period - Wrist shot by David Perron.
5:25 of 1st period - Stopped by Semyon Varlamov with a rebound.
5:38 of 1st period - Icing by Brooks Orpik.
5:39 of 1st period - Lars Eller wins face-off versus Will Acton in Sabres zone.
5:46 of 1st period - Snap shot by Trevor Lewis.
5:46 of 1st period - Deflect By Joffrey Lupul.
5:46 of 1st period - Shot Misses the Net.
5:46 of 1st period - Puck is out of play.
5:47 of 1st period - Lars Eller wins face-off versus Will Acton in Sabres zone.
7:31 of 1st period - Slapshot by Sidney Crosby.
7:31 of 1st period - Shot Misses the Net.
7:39 of 1st period - Wrist shot by David Perron.
7:39 of 1st period - Goal by David Perron - Avalanche : 0 - Sabres : 1.
7:40 of 1st period - Matt Stajan wins face-off versus Daniel Briere in neutral zone.
7:55 of 1st period - Wrist shot by Brad Stuart.
7:55 of 1st period - Deflect By Chris Higgins.
7:55 of 1st period - Stopped by Josh Harding without a rebound.
7:56 of 1st period - Daniel Briere wins face-off versus Matt Stajan in Sabres zone.
7:57 of 1st period - Snap shot by Benoit Pouliot.
7:57 of 1st period - Shot Blocked by Chris Higgins.
7:59 of 1st period - Slapshot by Brad Stuart.
7:59 of 1st period - Shot Misses the Net.
8:01 of 1st period - Snap shot by Brad Stuart.
8:01 of 1st period - Shot Blocked by Jay Bouwmeester.
8:03 of 1st period - Snap shot by Rene Bourque.
8:03 of 1st period - Deflect By Daniel Briere.
8:03 of 1st period - Shot Misses the Net.
8:03 of 1st period - Puck is out of play.
8:04 of 1st period - Lars Eller wins face-off versus Steven Stamkos in Sabres zone.
8:59 of 1st period - Braydon Coburn is hit by Blake Wheeler and loses puck.
9:20 of 1st period - David Perron is hit by Benoit Pouliot and loses puck.
9:26 of 1st period - Minor Penalty to Clayton Stoner for Hooking.
9:27 of 1st period - Lars Eller wins face-off versus Henrik Zetterberg in Avalanche zone.
10:12 of 1st period - Slapshot by Steven Stamkos.
10:12 of 1st period - Stopped by Semyon Varlamov without a rebound.
10:13 of 1st period - Sidney Crosby wins face-off versus Trevor Lewis in Avalanche zone.
10:22 of 1st period - Snap shot by Steven Stamkos.
10:22 of 1st period - Shot Blocked by Ryan McDonagh.
10:24 of 1st period - Snap shot by Brooks Orpik.
10:24 of 1st period - Stopped by Semyon Varlamov without a rebound.
10:25 of 1st period - Henrik Zetterberg wins face-off versus Trevor Lewis in Avalanche zone.
10:36 of 1st period - Wrist shot by Blake Wheeler.
10:36 of 1st period - Stopped by Semyon Varlamov with a rebound.
11:26 of 1st period - Penalty to Clayton Stoner is over, Clayton Stoner is back on ice.
12:07 of 1st period - Snap shot by Matt Stajan.
12:07 of 1st period - Stopped by Semyon Varlamov with a rebound.
12:30 of 1st period - Wrist shot by Claude Giroux.
12:30 of 1st period - Stopped by Josh Harding with a rebound.
12:52 of 1st period - Slapshot by Alec Martinez.
12:52 of 1st period - Shot Blocked by Ryan McDonagh.
12:54 of 1st period - Snap shot by Matt Bartkowski.
12:54 of 1st period - Shot Misses the Net.
12:56 of 1st period - Slapshot by Alec Martinez.
12:56 of 1st period - Deflect By Will Acton.
12:56 of 1st period - Shot Misses the Net.
12:56 of 1st period - Puck is out of play.
12:57 of 1st period - Will Acton wins face-off versus T.J. Hensick in Avalanche zone.
15:04 of 1st period - Sidney Crosby is hit by Benoit Pouliot and loses puck.
15:09 of 1st period - Snap shot by Benoit Pouliot.
15:09 of 1st period - Stopped by Josh Harding with a rebound.
15:33 of 1st period - Brooks Orpik is hit by Lars Eller and loses puck.
15:42 of 1st period - Joffrey Lupul is hit by Brooks Orpik and loses puck.
15:57 of 1st period - Snap shot by Matt Stajan.
15:57 of 1st period - Shot Misses the Net.
15:59 of 1st period - Slapshot by Brooks Orpik.
15:59 of 1st period - Deflect By Chris Higgins.
15:59 of 1st period - Stopped by Semyon Varlamov with a rebound.
16:18 of 1st period - Snap shot by Steven Stamkos.
16:18 of 1st period - Stopped by Semyon Varlamov with a rebound.
16:51 of 1st period - Minor Penalty to Will Acton for Cross-checking.
16:52 of 1st period - Matt Stajan wins face-off versus Claude Giroux in Sabres zone.
17:11 of 1st period - Snap shot by Claude Giroux.
17:11 of 1st period - Stopped by Josh Harding with a rebound.
17:13 of 1st period - Slapshot by Braydon Coburn.
17:13 of 1st period - Stopped by Josh Harding with a rebound.
17:15 of 1st period - Backhand shot by Braydon Coburn.
17:15 of 1st period - Shot Blocked by Alex Pietrangelo.
17:17 of 1st period - Slapshot by Braydon Coburn.
17:17 of 1st period - Shot Misses the Net.
17:19 of 1st period - Wrist shot by Troy Brouwer.
17:19 of 1st period - Shot Blocked by Alex Pietrangelo.
17:53 of 1st period - Brooks Orpik is hit by Braydon Coburn and loses puck.
18:44 of 1st period - Morgan Rielly is hit by Matt Stajan and loses puck.
18:51 of 1st period - Penalty to Will Acton is over, Will Acton is back on ice.
19:17 of 1st period - Matt Bartkowski is hit by T.J. Hensick and loses puck.
19:24 of 1st period - Snap shot by Morgan Rielly.
19:24 of 1st period - Shot Blocked by David Perron.
19:52 of 1st period - Rostislav Klesla is hit by Alec Martinez and loses puck.
Goals for this period are 0 for Avalanche vs 1 for Sabres.
Shots for this period are 6 for Avalanche vs 10 for Sabres.

2nd period


0:01 of 2nd period - Claude Giroux wins face-off versus Steven Stamkos in neutral zone.
0:04 of 2nd period - Wrist shot by Claude Giroux.
0:04 of 2nd period - Deflect By Mike Ribeiro.
0:04 of 2nd period - Shot Hit the Post.
0:04 of 2nd period - Puck is out of play.
0:05 of 2nd period - Claude Giroux wins face-off versus Steven Stamkos in Sabres zone.
0:24 of 2nd period - Wrist shot by Mike Ribeiro.
0:24 of 2nd period - Shot Blocked by Jay Bouwmeester.
0:26 of 2nd period - Snap shot by Troy Brouwer.
0:26 of 2nd period - Shot Misses the Net.
1:24 of 2nd period - Snap shot by Sidney Crosby.
1:24 of 2nd period - Shot Blocked by Trevor Lewis.
1:34 of 2nd period - Clayton Stoner is hit by Matt Stajan and loses puck.
1:51 of 2nd period - Brooks Orpik is hit by Rene Bourque and loses puck.
2:15 of 2nd period - Stephane Robidas is hit by Brad Stuart and loses puck.
2:24 of 2nd period - Alec Martinez is hit by Rene Bourque and loses puck.
2:41 of 2nd period - Stephane Robidas is hit by T.J. Hensick and loses puck.
3:11 of 2nd period - Morgan Rielly is hit by Will Acton and loses puck.
3:30 of 2nd period - Mike Ribeiro is hit by Stephane Robidas and loses puck.
3:35 of 2nd period - Snap shot by Henrik Zetterberg.
3:35 of 2nd period - Stopped by Semyon Varlamov with a rebound.
3:37 of 2nd period - Slapshot by Alex Pietrangelo.
3:37 of 2nd period - Shot Hit the Post.
4:16 of 2nd period - Rostislav Klesla is hit by Steven Stamkos and loses puck.
4:26 of 2nd period - Icing by Alex Pietrangelo.
4:27 of 2nd period - Steven Stamkos wins face-off versus Benoit Pouliot in Sabres zone.
4:42 of 2nd period - Snap shot by Blake Wheeler.
4:42 of 2nd period - Stopped by Semyon Varlamov with a rebound.
4:44 of 2nd period - Slapshot by Alec Martinez.
4:44 of 2nd period - Stopped by Semyon Varlamov without a rebound.
4:45 of 2nd period - Sidney Crosby wins face-off versus Daniel Briere in Avalanche zone.
5:17 of 2nd period - Rostislav Klesla is hit by Sidney Crosby and loses puck.
6:25 of 2nd period - Marc-Andre Cliche is hit by Mike Ribeiro.
6:35 of 2nd period - Claude Giroux is hit by Alec Martinez and loses puck.
7:04 of 2nd period - Slapshot by Brad Stuart.
7:04 of 2nd period - Deflect By Benoit Pouliot.
7:04 of 2nd period - Shot Blocked by Brooks Orpik.
7:04 of 2nd period - Puck is out of play.
7:05 of 2nd period - Steven Stamkos wins face-off versus T.J. Hensick in Sabres zone.
7:05 of 2nd period - Steven Stamkos is hit by Benoit Pouliot.
7:23 of 2nd period - Morgan Rielly is hit by Steven Stamkos.
8:01 of 2nd period - Wrist shot by Sidney Crosby.
8:01 of 2nd period - Stopped by Semyon Varlamov with a rebound.
8:03 of 2nd period - Minor Penalty to Lars Eller for Tripping.
8:04 of 2nd period - Trevor Lewis wins face-off versus Steven Stamkos in Avalanche zone.
8:13 of 2nd period - Slapshot by Sidney Crosby.
8:13 of 2nd period - Deflect By Steven Stamkos.
8:13 of 2nd period - Shot Blocked by Ryan McDonagh.
8:13 of 2nd period - Puck is out of play.
8:14 of 2nd period - Sidney Crosby wins face-off versus Trevor Lewis in Avalanche zone.
8:19 of 2nd period - Snap shot by Sidney Crosby.
8:19 of 2nd period - Stopped by Semyon Varlamov without a rebound.
8:20 of 2nd period - Trevor Lewis wins face-off versus Sidney Crosby in Avalanche zone.
8:29 of 2nd period - Ryan McDonagh is hit by Steven Stamkos and loses puck.
8:40 of 2nd period - Jay Bouwmeester is hit by Braydon Coburn and loses puck.
9:26 of 2nd period - Wrist shot by Trevor Lewis.
9:26 of 2nd period - Shot Blocked by Blake Wheeler.
9:28 of 2nd period - Slapshot by Clayton Stoner.
9:28 of 2nd period - Stopped by Josh Harding with a rebound.
9:30 of 2nd period - Slapshot by Brad Stuart.
9:30 of 2nd period - Deflect By Blake Wheeler.
9:30 of 2nd period - Stopped by Josh Harding without a rebound.
9:31 of 2nd period - Sidney Crosby wins face-off versus Trevor Lewis in Sabres zone.
10:03 of 2nd period - Penalty to Lars Eller is over, Lars Eller is back on ice.
11:06 of 2nd period - Slapshot by Chris Higgins.
11:06 of 2nd period - Deflect By Claude Giroux.
11:06 of 2nd period - Shot Blocked by Rostislav Klesla.
11:06 of 2nd period - Puck is out of play.
11:07 of 2nd period - T.J. Hensick wins face-off versus Will Acton in Avalanche zone.
11:40 of 2nd period - Jay Bouwmeester is hit by Rene Bourque and loses puck.
11:49 of 2nd period - Wrist shot by Daniel Briere.
11:49 of 2nd period - Stopped by Josh Harding with a rebound.
11:51 of 2nd period - Slapshot by Ryan McDonagh.
11:51 of 2nd period - Shot Misses the Net.
11:53 of 2nd period - Slapshot by Braydon Coburn.
11:53 of 2nd period - Shot Blocked by Jay Bouwmeester.
12:03 of 2nd period - Snap shot by Joffrey Lupul.
12:03 of 2nd period - Shot Hit the Post.
12:05 of 2nd period - Wrist shot by Trevor Lewis.
12:05 of 2nd period - Deflect By Lars Eller.
12:05 of 2nd period - Stopped by Josh Harding without a rebound.
12:06 of 2nd period - Matt Stajan wins face-off versus Lars Eller in Sabres zone.
12:57 of 2nd period - David Perron is hit by Clayton Stoner and loses puck.
13:14 of 2nd period - Slapshot by David Perron.
13:14 of 2nd period - Stopped by Semyon Varlamov without a rebound.
13:15 of 2nd period - Daniel Briere wins face-off versus Steven Stamkos in Avalanche zone.
13:40 of 2nd period - Wrist shot by Gustav Nyquist.
13:40 of 2nd period - Deflect By Henrik Zetterberg.
13:40 of 2nd period - Shot Misses the Net.
13:40 of 2nd period - Puck is out of play.
13:41 of 2nd period - Sidney Crosby wins face-off versus Claude Giroux in Avalanche zone.
13:50 of 2nd period - Snap shot by Sidney Crosby.
13:50 of 2nd period - Deflect By Mike Ribeiro.
13:50 of 2nd period - Shot Misses the Net.
13:50 of 2nd period - Puck is out of play.
13:51 of 2nd period - Sidney Crosby wins face-off versus Claude Giroux in Avalanche zone.
13:52 of 2nd period - Wrist shot by Blake Wheeler.
13:52 of 2nd period - Shot Misses the Net.
15:19 of 2nd period - Snap shot by Chris Higgins.
15:19 of 2nd period - Stopped by Semyon Varlamov without a rebound.
15:20 of 2nd period - Matt Stajan wins face-off versus Lars Eller in Avalanche zone.
15:29 of 2nd period - Snap shot by Matt Stajan.
15:29 of 2nd period - Stopped by Semyon Varlamov with a rebound.
16:21 of 2nd period - Sidney Crosby is hit by Brad Stuart and loses puck.
16:26 of 2nd period - Wrist shot by Benoit Pouliot.
16:26 of 2nd period - Shot Blocked by Jay Bouwmeester.
17:23 of 2nd period - Rostislav Klesla is hit by Gustav Nyquist.
17:27 of 2nd period - Snap shot by Steven Stamkos.
17:27 of 2nd period - Stopped by Semyon Varlamov without a rebound.
17:28 of 2nd period - Benoit Pouliot wins face-off versus Will Acton in Avalanche zone.
18:02 of 2nd period - Snap shot by Dany Heatley.
18:02 of 2nd period - Stopped by Semyon Varlamov with a rebound.
18:22 of 2nd period - Brooks Orpik is hit by Troy Brouwer and loses puck.
18:41 of 2nd period - Alec Martinez is hit by Claude Giroux and loses puck.
19:04 of 2nd period - Wrist shot by Lars Eller.
19:04 of 2nd period - Stopped by Josh Harding without a rebound.
19:05 of 2nd period - Steven Stamkos wins face-off versus Trevor Lewis in Sabres zone.
19:43 of 2nd period - Icing by Stephane Robidas.
19:44 of 2nd period - T.J. Hensick wins face-off versus Steven Stamkos in Sabres zone.
19:47 of 2nd period - Snap shot by Claude Giroux.
19:47 of 2nd period - Shot Misses the Net.
Goals for this period are 0 for Avalanche vs 0 for Sabres.
Shots for this period are 5 for Avalanche vs 10 for Sabres.

3rd period


0:01 of 3rd period - Claude Giroux wins face-off versus David Perron in neutral zone.
0:21 of 3rd period - Slapshot by Sidney Crosby.
0:21 of 3rd period - Shot Blocked by Ryan McDonagh.
0:23 of 3rd period - Wrist shot by Blake Wheeler.
0:23 of 3rd period - Stopped by Semyon Varlamov without a rebound.
0:24 of 3rd period - Lars Eller wins face-off versus Steven Stamkos in Avalanche zone.
1:06 of 3rd period - Minor Penalty to Clayton Stoner for High sticking.
1:07 of 3rd period - Steven Stamkos wins face-off versus Trevor Lewis in Avalanche zone.
3:04 of 3rd period - Rene Bourque is hit by Sidney Crosby and loses puck.
3:06 of 3rd period - Penalty to Clayton Stoner is over, Clayton Stoner is back on ice.
3:29 of 3rd period - Jay Bouwmeester is hit by Clayton Stoner.
3:37 of 3rd period - Snap shot by Chris Higgins.
3:37 of 3rd period - Stopped by Semyon Varlamov without a rebound.
3:38 of 3rd period - Claude Giroux wins face-off versus Matt Stajan in Avalanche zone.
3:49 of 3rd period - Snap shot by Claude Giroux.
3:49 of 3rd period - Deflect By Mike Ribeiro.
3:49 of 3rd period - Stopped by Josh Harding with a rebound.
4:31 of 3rd period - Slapshot by Dany Heatley.
4:31 of 3rd period - Stopped by Semyon Varlamov with a rebound.
4:33 of 3rd period - Slapshot by Brooks Orpik.
4:33 of 3rd period - Stopped by Semyon Varlamov with a rebound.
4:35 of 3rd period - Slapshot by Marc-Andre Cliche.
4:35 of 3rd period - Shot Blocked by Ryan McDonagh.
4:37 of 3rd period - Slapshot by Alex Pietrangelo.
4:37 of 3rd period - Stopped by Semyon Varlamov without a rebound.
4:38 of 3rd period - Sidney Crosby wins face-off versus Benoit Pouliot in Avalanche zone.
5:04 of 3rd period - Icing by Braydon Coburn.
5:05 of 3rd period - Will Acton wins face-off versus Daniel Briere in Avalanche zone.
5:31 of 3rd period - Snap shot by Joffrey Lupul.
5:31 of 3rd period - Stopped by Josh Harding without a rebound.
5:32 of 3rd period - Steven Stamkos wins face-off versus Lars Eller in Sabres zone.
5:44 of 3rd period - Snap shot by Steven Stamkos.
5:44 of 3rd period - Stopped by Semyon Varlamov without a rebound.
5:45 of 3rd period - Steven Stamkos wins face-off versus T.J. Hensick in Avalanche zone.
6:13 of 3rd period - Minor Penalty to Claude Giroux for Interference.
6:14 of 3rd period - Trevor Lewis wins face-off versus Sidney Crosby in Avalanche zone.
6:14 of 3rd period - Trevor Lewis is hit by Sidney Crosby.
6:28 of 3rd period - Slapshot by Sidney Crosby.
6:28 of 3rd period - Stopped by Semyon Varlamov with a rebound.
6:30 of 3rd period - Wrist shot by David Perron.
6:30 of 3rd period - Goal by David Perron - Avalanche : 0 - Sabres : 2.
6:31 of 3rd period - Sidney Crosby wins face-off versus Claude Giroux in neutral zone.
7:05 of 3rd period - Wrist shot by Mike Ribeiro.
7:05 of 3rd period - Shot Misses the Net.
7:39 of 3rd period - Snap shot by Henrik Zetterberg.
7:39 of 3rd period - Shot Misses the Net.
7:41 of 3rd period - Slapshot by Jay Bouwmeester.
7:41 of 3rd period - Deflect By Steven Stamkos.
7:41 of 3rd period - Shot Blocked by Ryan McDonagh.
7:41 of 3rd period - Puck is out of play.
7:42 of 3rd period - Trevor Lewis wins face-off versus Matt Stajan in Avalanche zone.
7:42 of 3rd period - Trevor Lewis is hit by Chris Higgins.
8:20 of 3rd period - Slapshot by Dwight King.
8:20 of 3rd period - Shot Misses the Net.
8:38 of 3rd period - Wrist shot by Dany Heatley.
8:38 of 3rd period - Stopped by Semyon Varlamov with a rebound.
8:40 of 3rd period - Slapshot by Alex Pietrangelo.
8:40 of 3rd period - Deflect By Will Acton.
8:40 of 3rd period - Stopped by Semyon Varlamov with a rebound.
8:42 of 3rd period - Slapshot by Marc-Andre Cliche.
8:42 of 3rd period - Stopped by Semyon Varlamov without a rebound.
8:43 of 3rd period - Will Acton wins face-off versus Daniel Briere in Avalanche zone.
8:44 of 3rd period - Slapshot by Alex Pietrangelo.
8:44 of 3rd period - Stopped by Semyon Varlamov with a rebound.
8:52 of 3rd period - Slapshot by Benoit Pouliot.
8:52 of 3rd period - Stopped by Josh Harding with a rebound.
8:54 of 3rd period - Slapshot by Morgan Rielly.
8:54 of 3rd period - Stopped by Josh Harding with a rebound.
8:56 of 3rd period - Slapshot by Rostislav Klesla.
8:56 of 3rd period - Shot Misses the Net.
8:58 of 3rd period - Wrist shot by Rostislav Klesla.
8:58 of 3rd period - Shot Blocked by Alex Pietrangelo.
9:41 of 3rd period - Minor Penalty to Tyler Kennedy for Hooking.
9:42 of 3rd period - Trevor Lewis wins face-off versus Sidney Crosby in Avalanche zone.
9:47 of 3rd period - Minor Penalty to Sidney Crosby for Goalie Interference.
9:48 of 3rd period - Steven Stamkos wins face-off versus Claude Giroux in Sabres zone.
10:07 of 3rd period - Slapshot by Alec Martinez.
10:07 of 3rd period - Shot Misses the Net.
10:09 of 3rd period - Slapshot by Brooks Orpik.
10:09 of 3rd period - Deflect By Ryan McDonagh.
10:09 of 3rd period - Stopped by Semyon Varlamov without a rebound.
10:10 of 3rd period - Steven Stamkos wins face-off versus Claude Giroux in Avalanche zone.
10:25 of 3rd period - Snap shot by Claude Giroux.
10:25 of 3rd period - Shot Blocked by Jay Bouwmeester.
10:27 of 3rd period - Slapshot by Troy Brouwer.
10:27 of 3rd period - Stopped by Josh Harding with a rebound.
10:29 of 3rd period - Wrist shot by Troy Brouwer.
10:29 of 3rd period - Goal by Troy Brouwer - Avalanche : 1 - Sabres : 2.
10:30 of 3rd period - Steven Stamkos wins face-off versus Claude Giroux in neutral zone.
11:41 of 3rd period - Penalty to Tyler Kennedy is over, Tyler Kennedy is back on ice.
11:47 of 3rd period - Penalty to Sidney Crosby is over, Sidney Crosby is back on ice.
12:00 of 3rd period - Snap shot by Joffrey Lupul.
12:00 of 3rd period - Shot Misses the Net.
12:02 of 3rd period - Snap shot by Brad Stuart.
12:02 of 3rd period - Shot Misses the Net.
12:04 of 3rd period - Slapshot by Brad Stuart.
12:04 of 3rd period - Stopped by Josh Harding with a rebound.
12:06 of 3rd period - Snap shot by Lars Eller.
12:06 of 3rd period - Shot Blocked by Brooks Orpik.
12:08 of 3rd period - Snap shot by Lars Eller.
12:08 of 3rd period - Deflect By Joffrey Lupul.
12:08 of 3rd period - Shot Hit the Post.
12:08 of 3rd period - Puck is out of play.
12:09 of 3rd period - Daniel Briere wins face-off versus Chris Higgins in Sabres zone.
12:21 of 3rd period - Rostislav Klesla is hit by Matt Stajan and loses puck.
12:46 of 3rd period - Slapshot by Matt Stajan.
12:46 of 3rd period - Shot Misses the Net.
14:24 of 3rd period - Ryan McDonagh is hit by Matt Bartkowski and loses puck.
14:51 of 3rd period - Wrist shot by Chris Higgins.
14:51 of 3rd period - Stopped by Semyon Varlamov without a rebound.
14:52 of 3rd period - Daniel Briere wins face-off versus Matt Stajan in Avalanche zone.
14:57 of 3rd period - Snap shot by Benoit Pouliot.
14:57 of 3rd period - Shot Misses the Net.
15:40 of 3rd period - Snap shot by Lars Eller.
15:40 of 3rd period - Shot Misses the Net.
15:42 of 3rd period - Slapshot by Ryan McDonagh.
15:42 of 3rd period - Deflect By Joffrey Lupul.
15:42 of 3rd period - Stopped by Josh Harding without a rebound.
15:43 of 3rd period - Steven Stamkos wins face-off versus T.J. Hensick in Sabres zone.
15:45 of 3rd period - Minor Penalty to Steven Stamkos for Roughing.
15:46 of 3rd period - Matt Stajan wins face-off versus Claude Giroux in Sabres zone.
15:46 of 3rd period - Matt Stajan is hit by Troy Brouwer.
16:01 of 3rd period - Wrist shot by Mike Ribeiro.
16:01 of 3rd period - Shot Blocked by Matt Stajan.
16:29 of 3rd period - Snap shot by Joffrey Lupul.
16:29 of 3rd period - Stopped by Josh Harding with a rebound.
16:31 of 3rd period - Slapshot by Braydon Coburn.
16:31 of 3rd period - Deflect By Joffrey Lupul.
16:31 of 3rd period - Shot Misses the Net.
16:31 of 3rd period - Puck is out of play.
16:32 of 3rd period - Will Acton wins face-off versus Daniel Briere in Sabres zone.
16:41 of 3rd period - Snap shot by Morgan Rielly.
16:41 of 3rd period - Stopped by Josh Harding without a rebound.
16:42 of 3rd period - Lars Eller wins face-off versus Will Acton in Sabres zone.
16:48 of 3rd period - Slapshot by Brad Stuart.
16:48 of 3rd period - Shot Misses the Net.
17:42 of 3rd period - Snap shot by Lars Eller.
17:42 of 3rd period - Shot Misses the Net.
17:44 of 3rd period - Slapshot by Lars Eller.
17:44 of 3rd period - Stopped by Josh Harding with a rebound.
17:45 of 3rd period - Penalty to Steven Stamkos is over, Steven Stamkos is back on ice.
17:46 of 3rd period - Slapshot by Ryan McDonagh.
17:46 of 3rd period - Stopped by Josh Harding without a rebound.
17:47 of 3rd period - Sidney Crosby wins face-off versus Lars Eller in Sabres zone.
17:49 of 3rd period - Minor Penalty to Blake Wheeler for Holding.
17:50 of 3rd period - Claude Giroux wins face-off versus Will Acton in Sabres zone.
18:29 of 3rd period - Slapshot by Jay Bouwmeester.
18:29 of 3rd period - Shot Misses the Net.
18:34 of 3rd period - Off-side.
18:35 of 3rd period - Henrik Zetterberg wins face-off versus Lars Eller in neutral zone.
18:59 of 3rd period - Minor Penalty to Lars Eller for Tripping.
19:00 of 3rd period - Steven Stamkos wins face-off versus Claude Giroux in Avalanche zone.
19:00 of 3rd period - Snap shot by Henrik Zetterberg.
19:00 of 3rd period - Stopped by Semyon Varlamov with a rebound.
19:18 of 3rd period - Avalanche, Semyon Varlamov is pulled from the net.
19:18 of 3rd period - Slapshot by Claude Giroux.
19:18 of 3rd period - Stopped by Josh Harding without a rebound.
19:19 of 3rd period - Ken Hitchcock call a timeout for Avalanche.
19:19 of 3rd period - Claude Giroux wins face-off versus Steven Stamkos in Sabres zone.
19:49 of 3rd period - Penalty to Blake Wheeler is over, Blake Wheeler is back on ice.
19:50 of 3rd period - Wrist shot by Steven Stamkos.
19:50 of 3rd period - Goal by Steven Stamkos - Avalanche : 1 - Sabres : 3.
19:50 of 3rd period - Semyon Varlamov from Avalanche was sent back in the game.
19:51 of 3rd period - Sidney Crosby wins face-off versus Lars Eller in neutral zone.
Goals for this period are 1 for Avalanche vs 2 for Sabres.
Shots for this period are 13 for Avalanche vs 16 for Sabres.


Output by the SimonT Hockey Simulator (STHS) for Eric Dolegowski -- Original Page W3C XHTML 1.0 Valid
Hockey Simulator - Hockey Simulation - Hockey Manager